 Dungeon Sprint DCSS version 0.30-a0-304-gdc4b735fe1 (webtiles) character file.

Game seed: 4687816155833803142

1241 rocky1 the Covert (level 8, -2/58 HPs)
             Began as a Kobold Brigand on Oct 19, 2022.
             Was an Initiate of Gozag.
             Slain by Snorg (14 damage)
             ... in the Dungeon (Sprint III: "The Ten Rune Challenge") on Oct 21, 2022.
             The game lasted 00:02:54 (433 turns).

rocky1 the Covert (Kobold Brigand)                   Turns: 433, Time: 00:02:55

Health: -2/58      AC:  3    Str:  8    XL:     8   Next: 78%
Magic:  8/8        EV: 22    Int: 13    God:    Gozag
Gold:   460        SH:  0    Dex: 18    Spells: 7/7 levels left

rFire   . . .      SeeInvis .    a - +2 dagger
rCold   . . .      Faith    .    (no shield)
rNeg    . . .      Spirit   .    b - +0 robe
rPois   .          Reflect  .    (no helmet)
rElec   .          Harm     .    c - +0 cloak
rCorr   .          Rampage  .    (no gloves)
Will    .....      NoTele   +    (no boots)
Stlth   +++++++...               (no amulet)
HPRegen 0.29/turn                (no ring)
MPRegen 0.11/turn                (no ring)

@: no status effects
A: small, no large weapons, nightstalker 3
a: Renounce Religion, Potion Petition, Call Merchant, Bribe Branch


You were in the Dungeon.
You worshipped Gozag.
Gozag was aware of your devotion.
You visited 1 branch You collected 460 gold pieces.

Inventory:

Hand Weapons
 a - a +2 dagger (weapon)
 t - a +1 long sword of holy wrath
Missiles
 d - 9 poisoned darts
 e - 3 curare-tipped darts (quivered)
Armour
 b - a +0 robe (worn)
 c - a +0 cloak (worn)
 j - a +0 ring mail
Wands
 s - a wand of light (10)
Scrolls
 l - a scroll of fear {unknown}
 m - a scroll of torment {unknown}
 n - 3 scrolls of identify
 o - a scroll of poison {unknown}
Potions
 f - 2 potions of curing
 g - 2 potions of heal wounds
 h - a potion of haste
 i - 2 potions of magic
 p - 2 potions of flight {unknown}
 q - 5 potions of mutation
Miscellaneous
 r - a phial of floods


   Skills:
 + Level 10.4 Fighting
 + Level 12.2 Short Blades
 - Level 2.1 Throwing
 + Level 10.9 Dodging
 + Level 13.9 Stealth


You had 7 spell levels left.
You didn't know any spells.
Your spell library contained the following spells:

 Spells                   Type           Power      Damage    Failure   Level
 Ozocubu's Armour         Ice            0%         N/A       67%         3
 Metabolic Englaciation   Hex/Ice        0%         N/A       100%        5
 Simulacrum               Ice/Necr       Unusable   N/A       N/A         6

Dungeon Overview and Level Annotations

Branches:
Dungeon (1/1)

Altars:
Cheibriados
Dithmenos
Elyvilon
Fedhas
Gozag
Hepliaklqana
Kikubaaqudgha
Makhleb
Nemelex Xobeh
Okawaru
Qazlal
Ru
Sif Muna
Trog
Uskayaw
Vehumet
Wu Jian
Xom
Yredelemnul
Zin
The Shining One
Jiyva
Lugonu

Annotations:
D Snorg


Innate Abilities, Weirdness & Mutations

You are small and have problems with some larger weapons.
You are completely attuned to the shadows.


Message History

There is a bloodstained altar of Trog here.
There is an ornate altar of the Wu Jian Council here.
You see here a +0 ring mail.
j - a +0 ring mail You see here a +0 sling.
There is a roughly hewn altar of Beogh, spattered with blood here.
There is a hide-covered altar of Uskayaw, spattered with blood here.
There is an open door here.
You start waiting.
You feel yourself speed up.
You start waiting.
You recover from your berserk rage.
You start waiting.
You start waiting.
There is an open door here.
Saving game... please wait.
Welcome back, rocky1 the Kobold Brigand.
Gozag says: Greed is good.
Press ? for a list of commands and other information.
Okay, then.
You open the door.
There is an open door here.
No target in view!
You enter the shallow water.
Moving in this stuff is going to be slow.
Snorg the Insatiable comes into view.
Snorg goes berserk!
Snorg bites you!! Snorg closely misses you. Snorg claws you but does no damage.
Snorg bites you!
* * * LOW HITPOINT WARNING * * *
Snorg closely misses you. Snorg claws you.
* * * LOW HITPOINT WARNING * * *
Unknown command.
Blink to where?
Press: ? - help, Dir - move target
As you read the scroll of blinking, it crumbles to dust.
You hear a shout!
Snorg attacks as you move away! Snorg bites you!
You die...
Your body crumbles into a pile of gold. ♣ ♣.#___#___#__# $ $ $ . ♣.#...#__)#._# $ $ . ♣.###'#'###'## $ . ♣.#..........#$$ $ ~.. ♣.'.⌠........#$ $$$$

$ ~~~♣♣.#...######'#$ $
$
~~....#.⌠.#__#...#+#####
~.....#...#__#...#..~~~+
......#'###__#..@#.#§~§#
......#.))#__#...T.#§§.#
......#___#__'...#.#§.§#
▓▓▓▓▓▓▓▓▓▓▓▓▓▓▓▓▓▓▓▓▓▓▓▓


You could see Snorg (berserk).

Vanquished Creatures
  A deep elf pyromancer (D)
  A shadow (D)
  A spatial vortex (D)
  A necrophage (D)
  A water elemental (D)
  A jelly (D)
  Jessica (D)
  A wizard (D)
  A necromancer (D)
  3 humans (D)
  A kobold demonologist (D)
  A phantom (D)
  3 rats (D)
17 creatures vanquished.

Notes
Turn   | Place    | Note
-------+----------+-------------------------------------------
     0 | D        | rocky1 the Kobold Brigand began the quest for the Orb.
     0 | D        | Reached XP level 1. HP: 12/12 MP: 1/1
    12 | D        | Noticed Jessica
    17 | D        | Killed Jessica
    18 | D        | Reached skill level 6 in Stealth
    18 | D        | Reached XP level 2. HP: 20/20 MP: 2/2
    18 | D        | Reached XP level 3. HP: 24/24 MP: 3/3
    84 | D        | Reached skill level 5 in Short Blades
    84 | D        | Reached skill level 7 in Stealth
    84 | D        | Reached XP level 4. HP: 30/30 MP: 4/4
    92 | D        | Noticed a water elemental
    95 | D        | Killed a water elemental
    96 | D        | Reached skill level 5 in Fighting
    96 | D        | Reached skill level 5 in Dodging
    96 | D        | Reached skill level 8 in Stealth
    96 | D        | Reached XP level 5. HP: 36/36 MP: 5/5
   107 | D        | Noticed a shadow
   109 | D        | Killed a shadow
   110 | D        | Reached skill level 10 in Stealth
   110 | D        | Reached XP level 6. HP: 44/44 MP: 6/6
   160 | D        | Found a blossoming altar of Fedhas.
   160 | D        | Found a stormy altar of Qazlal.
   160 | D        | Found a snail-covered altar of Cheibriados.
   160 | D        | Found a burning altar of Makhleb.
   160 | D        | Found a shimmering altar of Xom.
   160 | D        | Noticed a spatial vortex
   161 | D        | Killed a spatial vortex
   162 | D        | Reached skill level 11 in Stealth
   162 | D        | Reached XP level 7. HP: 49/49 MP: 7/7
   162 | D        | Found a hazy altar of Hepliaklqana.
   162 | D        | Found an opulent altar of Gozag.
   162 | D        | Found a sparkling altar of Nemelex Xobeh.
   162 | D        | Found a corrupted altar of Lugonu.
   162 | D        | Found a viscous altar of Jiyva.
   167 | D        | Became a worshipper of Gozag Ym Sagoz the Greedy
   186 | D        | Found a basalt altar of Yredelemnul.
   186 | D        | Found a shadowy altar of Dithmenos.
   186 | D        | Found a sacrificial altar of Ru.
   190 | D        | Reached skill level 10 in Short Blades
   209 | D        | Found a radiant altar of Vehumet.
   209 | D        | Found a shimmering blue altar of Sif Muna.
   209 | D        | Found an ancient bone altar of Kikubaaqudgha.
   230 | D        | Found a glowing silver altar of Zin.
   230 | D        | Found a glowing golden altar of the Shining One.
   230 | D        | Found a white marble altar of Elyvilon.
   230 | D        | Noticed a deep elf pyromancer
   233 | D        | Killed a deep elf pyromancer
   234 | D        | Reached skill level 10 in Dodging
   234 | D        | Reached skill level 13 in Stealth
   234 | D        | Reached XP level 8. HP: 57/57 MP: 8/8
   242 | D        | Found a hide-covered altar of Uskayaw.
   242 | D        | Found an iron altar of Okawaru.
   242 | D        | Found a bloodstained altar of Trog.
   242 | D        | Found an ornate altar of the Wu Jian Council.
   242 | D        | Noticed a human
   242 | D        | Noticed a human
   252 | D        | Killed a human
   253 | D        | Reached skill level 10 in Fighting
   257 | D        | Killed a human
   421 | D        | Upgraded the game from 0.30-a0-297-g0ec75d9ef4 to
                  | 0.30-a0-304-gdc4b735fe1
   428 | D        | Noticed Snorg
   433 | D        | Slain by Snorg

Illustrated notes

Levels and vault maps discovered:
D:        dungeon_sprint_mu [sprint_mu_entry_forest, sprint_mu_temple_rooms,
          sprint_mu_d1_horrors, sprint_mu_d2_genie, sprint_mu_d3_branching,
          sprint_mu_orc_legion, sprint_mu_elf_gauntlet, sprint_mu_hive_nellie,
          sprint_mu_lair_fedhas, sprint_mu_vaults_butterflies,
          sprint_mu_slime_circle, sprint_mu_shoals_kraken,
          sprint_mu_snake_twists, sprint_mu_blade_basic,
          sprint_mu_crypt_fortress, sprint_mu_tomb_spiral,
          sprint_mu_vestibule_basic, sprint_mu_gehenna_hellfire,
          sprint_mu_dis_giant, sprint_mu_tartarus_statrot,
          sprint_mu_cocytus_islands, sprint_mu_zot1]

Skill      XL: |  1  2  3  4  5  6  7  8 |
---------------+-------------------------+-----
Short Blades   | 4 5 6 8 9 11 12 | 12.2
Fighting       | 4 5 7 8 9 10 | 10.4
Dodging        | 3 4 5 7 8 10 | 10.9
Stealth        | 6 7 8 10 11 13 | 13.9
Throwing       | |  2.1

Action                   |  1- 3 |  4- 6 |  7- 9 || total
-------------------------+-------+-------+-------++-------
Melee: Dagger            |     6 |     9 |    18 ||    33
  Use: Scroll            |       |       |     1 ||     1
       Potion            |       |       |     1 ||     1
 Stab: Sleeping          |     6 |     3 |     5 ||    14
Armor: Robe              |       |       |     1 ||     1
Dodge: Dodged            |       |     4 |     5 ||     9

Table legend: (Time is in decaauts)
 A = Elapsed time spent in this place.
 B = Non-inter-level travel time spent in this place.
 C = Inter-level travel time spent in this place.
 D = Time resting spent in this place.
 E = Time spent auto-exploring this place.
 F = Levels seen in this place.
 G = Mean time per level.
                   A        B        C        D        E       F      G
               +--------+--------+--------+--------+--------+-----+--------+
         Total |    429 |    429 |      0 |    182 |      3 |   1 |  429.0 |
       Dungeon |    429 |    429 |      0 |    182 |      3 |   1 |  429.0 |
               +--------+--------+--------+--------+--------+-----+--------+

Top non-repeatable levels by time:
       D: 429 daAuts
